 Dungeon Crawl Stone Soup version 0.31-a0-879-g1609e0ac53 (webtiles) character file.

Game seed: 12302634685173934323

15636 RepHenryClay the Basher (level 12, -7/71 HPs)
             Began as a Gargoyle Monk on Oct 13, 2023.
             Was a High Priest of Okawaru.
             Mangled by a white ugly thing (34 damage)
             ... on level 11 of the Dungeon on Oct 14, 2023.
             The game lasted 00:26:50 (12319 turns).

RepHenryClay the Basher (Gargoyle Monk)            Turns: 12319, Time: 00:26:51

Health: -7/71      AC: 40    Str: 27    XL:     12   Next: 29%
Magic:  16/17      EV: 13    Int: 10    God:    Okawaru [*****.]
Gold:   85         SH:  0    Dex: 12    Spells: 11/11 levels left

rFire   . . .        a - +3 morningstar (protect)
rCold   . . .        d - orb {light}
rNeg    + . .        k - +6 scale mail of Guxkut {Will++}
rPois   ∞            r - +0 helmet
rElec   +            n - scarf {repulsion}
rCorr   .            Q - +2 pair of gloves
SInv    .            (no boots)
Will    ++...        (no amulet)
Stlth   +            f - ring of flight
HPRegen 0.31/turn    N - +6 ring of strength
MPRegen 0.15/turn

%: repel missiles
@: heroic, under a protective aura, flying, glowing
A: sickness immunity, AC +8, negative energy resistance 1, electricity
resistance, torment resistance 1, petrification resistance, iridescent scales 1,
deterioration 1, wild magic 1
a: Renounce Religion, Heroism, Finesse, Duel


You were on level 11 of the Dungeon.
You worshipped Okawaru.
Okawaru was extremely pleased with you.
You visited 2 branches of the dungeon, and saw 13 of its levels.
You visited 1 bazaar.
You also visited: Ossuary.

You collected 669 gold pieces.
You spent 584 gold pieces at shops.

Inventory:

Hand Weapons
 a - a +3 morningstar of protection (weapon)
 O - a +0 hand axe of flaming
Missiles
 b - 4 atropa-tipped darts
 p - 20 poisoned darts (quivered)
 x - 3 javelins
Armour
 d - an orb of light (worn)
 k - the +6 scale mail of Guxkut (worn) {Will++}
   (You bought it in a shop on level 3 of the Dungeon)

   Will++:    It greatly increases your willpower.
 n - a scarf of repulsion (worn)
 r - a +0 helmet (worn)
 s - a +0 leather armour of cold resistance
 Q - a +2 pair of gloves (worn)
 R - a +1 pair of gloves
Jewellery
 f - a ring of flight (left hand)
 B - an amulet of guardian spirit
 I - a ring of protection from fire
 N - a +6 ring of strength (right hand)
Wands
 w - a wand of roots (14)
 y - a wand of flame (32)
 A - a wand of charming (7)
 G - a wand of mindburst (32)
 J - a wand of acid (14)
Scrolls
 g - 11 scrolls of identify {@r1}
 h - a scroll of brand weapon
 o - 3 scrolls of immolation
 q - 2 scrolls of revelation {unknown}
 u - 2 scrolls of amnesia
 v - 2 scrolls of enchant weapon
 z - 3 scrolls of teleportation
 E - a scroll of fear {unknown}
 F - a scroll of torment
 H - a scroll of enchant armour {unknown}
 L - a scroll of blinking {unknown}
 M - a scroll of vulnerability
 P - a scroll of fog {unknown}
Potions
 c - a potion of ambrosia
 e - a potion of haste {unknown}
 i - 2 potions of attraction
 j - 4 potions of curing
 l - 2 potions of mutation
 t - a potion of might
 C - a potion of resistance {unknown}
 D - 2 potions of enlightenment {unknown}


   Skills:
 + Level 6.5(11.5) Fighting
 * Level 13.4(18.4) Maces & Flails
 + Level 13.2(18.2) Armour
 - Level 2.4(7.4) Dodging
 - Level 7.0 Invocations


You had 11 spell levels left.
You didn't know any spells.
Your spell library contained the following spells:

 Spells                   Type           Power      Damage    Failure   Level
 Apportation              Tloc           0%         N/A       63%         1
 Freeze                   Ice            0%         1d3       63%         1
 Magic Dart               Conj           0%         1d3       63%         1
 Sting                    Tmut/Pois      0%         1d3       63%         1
 Jinxbite                 Hex            0%         N/A       75%         2
 Poisonous Vapours        Pois/Air       0%         N/A       75%         2
 Frozen Ramparts          Ice            0%         1d1       92%         3
 Hailstorm                Conj/Ice       0%         3d3       92%         3
 Mephitic Cloud           Conj/Pois/Air  0%         N/A       92%         3
 Anguish                  Hex/Necr       0%         N/A       100%        4
 Cause Fear               Hex            0%         N/A       100%        4
 Olgreb's Toxic Radiance  Pois           0%         N/A       100%        4
 Passage of Golubria      Tloc           0%         N/A       100%        4
 Alistair's Intoxication  Tmut/Pois      0%         N/A       100%        5
 Silence                  Hex/Air        0%         N/A       100%        5
 Enfeeble                 Hex            0%         N/A       100%        7
 Orb of Destruction       Conj           0%         9d5       100%        7
 Lehudib's Crystal Spear  Conj/Erth      0%         10d2      100%        8
 Call Imp                 Summ           Unusable   N/A       N/A         2
 Summon Guardian Golem    Hex/Summ       Unusable   N/A       N/A         3
 Summon Ice Beast         Ice/Summ       Unusable   N/A       N/A         4
 Simulacrum               Ice/Necr       Unusable   N/A       N/A         6
 Spellforged Servitor     Conj/Summ      Unusable   N/A       N/A         7

Dungeon Overview and Level Annotations

Branches:
Dungeon (12/15)            Temple (1/1) D:7            Lair (0/5) D:11
Ossuary (visited)
    Orc: D:9-12

Altars:
Ashenzari
Cheibriados
Dithmenos
Elyvilon
Fedhas
Gozag
Hepliaklqana
Kikubaaqudgha
Makhleb
Nemelex Xobeh
Okawaru
Qazlal
Ru
Sif Muna
Trog
Uskayaw
Vehumet
Wu Jian
Xom
Yredelemnul
Zin
The Shining One

Shops:
D:3 *([[   D:8 *   D:11 =(   D:12 [*:

Annotations:
D:3 1 runed translucent door, relicbr's ghost, amateur KoFi
D:7 3 runed translucent doors, Shayle's ghost, novice DsWr


Innate Abilities, Weirdness & Mutations

You are immune to sickness and miasma.
Your stone body is resilient. (AC +8)
You are immune to poison.
You resist negative energy. (rN+)
You are resistant to electric shocks. (rElec)
You are resistant to unholy torment.
You are immune to petrification.
You are partially covered in iridescent scales. (AC +2)
Your body sometimes deteriorates upon taking damage.
Your spells are a little harder to cast, but a little more powerful.


Message History

You impale the white ugly thing!!
Your weapon exudes an aura of protection.
The white ugly thing is heavily wounded.
The white ugly thing kicks you! The white ugly thing freezes you!!
* * * LOW HITPOINT WARNING * * *
Huge Dmg: -60%(-42hp) hp: 10%(7hp) Welcome back, RepHenryClay the Gargoyle Monk.
Okawaru says: Bring me glory in combat!
Press ? for a list of commands and other information.
Okay, then.
Okay, then.
You feel much better.
The white ugly thing kicks you but does no damage.
Aiming: Fastroot
Press: ? - help, Shift-Dir - straight line, f - white ugly thing
Aim: a white ugly thing (heavily wounded, haloed)
The roots erupt in riotous growth!
Roots grab the white ugly thing.
The grasping roots constrict the white ugly thing.
The white ugly thing closely misses you.
You hit the white ugly thing.
The white ugly thing is heavily wounded.
The grasping roots constrict the white ugly thing.
The white ugly thing barely misses you.
You hit the white ugly thing.
The white ugly thing is severely wounded.
The grasping roots constrict the white ugly thing.
The roots release their grip on the white ugly thing.
You hit the white ugly thing.
The white ugly thing is severely wounded.
The white ugly thing kicks you but does no damage.
Aiming: Corrosive Bolt
Press: ? - help, Shift-Dir - straight line, f/p - white ugly thing
Aim: a white ugly thing (severely wounded, haloed, 81% to hit)
The bolt of acid hits the white ugly thing.
The white ugly thing is almost dead.
The white ugly thing kicks you!
* * * LOW HITPOINT WARNING * * *
The white ugly thing freezes you!!
You die...

#.......# #.#.....##........#
#.......# #.#.....##........#
######### #.......#####'#####
##......# #.# #......#####.#
#............##########
########.#.##########........
#...........###### #.#######
#.#######..@u....# #.#....(#
#.# #.######.# #.#.>##.# #.#
#.# #.# #.#.###.# #.#
#.######.# #.#.# #.# #.#
#........####'#.# #.#
##'#######......÷........###.#
#.......##.................#.#
#.......##..............##.#.#
#.......##..............##.#(#


You could see a white ugly thing.

Vanquished Creatures
  An ogre mage (D:12)
  A two-headed ogre (D:8)
  A centaur warrior (D:12)
  3 ugly things
  3 cyclopes
  A manticore (D:11)
  Psyche (D:12)
  An unseen horror (D:11)
  6 trolls
  A hornet (D:9)
  A shadow (D:10)
  14 yaks
  A vampire (D:11)
  A wyvern (D:8)
  2 wraiths
  Eustachio (D:5)
  8 vampire mosquitoes
  2 steam dragons
  3 water moccasins
  3 orc warriors
  3 sky beasts
  3 ogres
  8 centaurs
  2 phantoms (D:4)
  A kobold brigand (D:4)
  4 elf zombies (Ossuary)
  3 scorpions
  An elf skeleton (D:4)
  13 wights
  17 killer bees
  2 howler monkeys (D:12)
  Crazy Yiuf (D:6)
  5 hounds
  An iron imp (D:3)
  2 jellies
  3 orc priests
  2 human skeletons (D:4)
  3 human zombies
  8 orc wizards
  A sleepcap (D:5)
  2 gnoll boudas
  A hound zombie (Ossuary)
  3 mummies (Ossuary)
  7 adders
  12 gnolls
  2 white imps
  3 adder zombies (Ossuary)
  26 orcs
  4 bats
  3 endoplasms
  3 giant cockroaches
  6 goblins
  7 hobgoblins
  2 jackals (D:1)
  5 quokkas
  5 ball pythons
  A frilled lizard (D:3)
  2 goblin zombies (Ossuary)
  5 hobgoblin zombies (Ossuary)
  3 jackal zombies (Ossuary)
  5 kobolds
  6 kobold zombies (Ossuary)
  2 orc skeletons (D:4)
  3 orc zombies (Ossuary)
  4 quokka zombies (Ossuary)
  2 rats (D:2)
  A rat zombie (Ossuary)
263 creatures vanquished.

Notes
Turn   | Place    | Note
-------+----------+-------------------------------------------
     0 | D:1      | RepHenryClay the Gargoyle Monk began the quest for the Orb.
     0 | D:1      | Reached XP level 1. HP: 14/14 MP: 1/1
   308 | D:1      | Reached skill level 1 in Armour
   308 | D:1      | Reached XP level 2. HP: 18/19 MP: 2/2
   416 | D:1      | Found a faded altar of an unknown god.
  1205 | D:2      | Reached XP level 3. HP: 22/23 MP: 3/3
  2069 | D:3      | Found Nosomm's Antique Armour Emporium.
  2095 | D:3      | Gained mutation: Your body sometimes deteriorates upon
                  | taking damage. [potion of mutation]
  2095 | D:3      | Gained mutation: Your spells are a little harder to cast,
                  | but a little more powerful. [potion of mutation]
  2095 | D:3      | Gained mutation: You are partially covered in iridescent
                  | scales. (AC +2) [potion of mutation]
  2105 | D:3      | Reached XP level 4. HP: 19/28 MP: 4/4
  2174 | D:3      | Found Giwasuen's Antique Armour Shop.
  2218 | D:3      | Found a runed translucent door.
  2227 | D:3      | Identified the +9 short sword of Evisceration {flame, SInv}
  2238 | D:3      | Noticed relicbr's ghost (amateur KoFi)
  2354 | D:3      | Reached XP level 5. HP: 27/32 MP: 5/5
  2444 | D:3      | Found Anikigh's General Store.
  2554 | D:3      | Bought a steaming scale mail for 225 gold pieces
  2554 | D:3      | Identified the +6 scale mail of Guxkut {Will++} (You bought
                  | it in a shop on level 3 of the Dungeon)
  2646 | D:3      | Found a snail-covered altar of Cheibriados.
  2657 | D:3      | Reached skill level 5 in Maces & Flails
  2657 | D:3      | Reached XP level 6. HP: 31/37 MP: 6/6
  2788 | D:3      | Found Saciom's Antique Weapon Shoppe.
  3200 | D:4      | Reached skill level 5 in Armour
  3223 | D:4      | Reached XP level 7. HP: 37/41 MP: 7/7
  3227 | D:4      | Found a sand-covered staircase.
  3243 | Ossuary  | Entered an ossuary
  3596 | Ossuary  | Reached XP level 8. HP: 46/46 MP: 8/8
  4023 | D:4      | Found a hide-covered altar of Uskayaw.
  4113 | D:4      | Found a glowing golden altar of the Shining One.
  4221 | D:5      | Entered Level 5 of the Dungeon
  4229 | D:5      | Noticed Eustachio
  4239 | D:5      | Killed Eustachio
  4317 | D:5      | Noticed a troll
  4349 | D:5      | Killed a troll
  4353 | D:5      | Reached XP level 9. HP: 46/51 MP: 9/9
  5019 | D:5      | Found a sparkling altar of Nemelex Xobeh.
  5096 | D:6      | You are sucked into a shaft and drop 3 floors!
  5096 | D:9      | Found a white marble altar of Elyvilon.
  5403 | D:8      | Reached skill level 10 in Armour
  5411 | D:8      | Found a shadowy altar of Dithmenos.
  5453 | D:8      | Found a radiant altar of Vehumet.
  5462 | D:8      | Reached skill level 10 in Maces & Flails
  5542 | D:8      | Reached XP level 10. HP: 47/56 MP: 10/10
  5605 | D:8      | Found Gagug Suv's Lightly-Used Armoury.
  5606 | D:8      | Noticed a two-headed ogre
  5620 | D:8      | Killed a two-headed ogre
  6312 | D:7      | Found a runed translucent gate.
  6312 | D:7      | Found a runed translucent gate.
  6312 | D:7      | Found a runed translucent gate.
  6315 | D:7      | Noticed Shayle's ghost (novice DsWr)
  6414 | D:7      | Found a shimmering blue altar of Sif Muna.
  6596 | D:7      | Found a staircase to the Ecumenical Temple.
  6614 | Temple   | Entered the Ecumenical Temple
  6636 | Temple   | Became a worshipper of Warmaster Okawaru
  6636 | Temple   | Reached * piety under Okawaru
  6636 | Temple   | Reached ** piety under Okawaru
  7383 | D:8      | Reached skill level 1 in Invocations
  7595 | D:8      | Reached XP level 11. HP: 29/60 MP: 12/14
  7600 | D:8      | Reached *** piety under Okawaru
  7786 | D:9      | Found a shimmering altar of Xom.
  7803 | D:9      | Reached skill level 5 in Invocations
  8625 | D:6      | Found a runed translucent door.
  8626 | D:6      | Noticed Crazy Yiuf
  8890 | D:6      | Killed Crazy Yiuf
  9024 | D:10     | Entered Level 10 of the Dungeon
  9311 | D:10     | Noticed a red ugly thing
  9322 | D:10     | Killed a red ugly thing
  9883 | D:11     | Found Dany's Jewellery Emporium.
 10050 | D:11     | Noticed a +0 quick blade
 10052 | D:11     | Found Gedirodi's Weapon Shoppe.
 10053 | D:11     | Noticed a +0 bardiche
 10265 | D:3      | Bought a pair of embroidered gloves for 172 gold pieces
 10306 | D:3      | Bought a pair of embroidered gloves for 187 gold pieces
 10473 | D:11     | Noticed a cyclops
 10477 | D:11     | Killed a cyclops
 10477 | D:11     | Reached **** piety under Okawaru
 10486 | D:11     | Found a staircase to the Lair.
 10510 | D:11     | Noticed a manticore
 10531 | D:11     | Killed a manticore
 11240 | D:11     | Reached skill level 5 in Fighting
 11404 | D:12     | Found Coraeq's Assorted Antiques.
 11404 | D:12     | Noticed Psyche
 11404 | D:12     | Noticed a cyclops
 11412 | D:12     | Killed Psyche
 11417 | D:12     | Killed a cyclops
 11437 | D:12     | Noticed a white ugly thing
 11445 | D:12     | Killed a white ugly thing
 11445 | D:12     | Reached ***** piety under Okawaru
 11446 | D:12     | Reached XP level 12. HP: 33/69 MP: 17/17
 11565 | D:12     | Found Osoqawk's Book Emporium.
 11602 | D:12     | Noticed a centaur warrior
 11607 | D:12     | Noticed a two-headed ogre
 11769 | D:12     | Found a flickering gateway to a bazaar.
 11781 | Bazaar   | Entered a bazaar
 11783 | Bazaar   | Found Necuiz's Jewellery Shoppe.
 11802 | Bazaar   | Found Bysmaagg's General Store.
 11818 | Bazaar   | Found Jibry's Armour Boutique.
 11824 | Bazaar   | Found Ynipim's Armour Shop.
 12112 | D:12     | Found Lawk's Antique Armour Shoppe.
 12209 | D:12     | Noticed a centaur warrior
 12217 | D:12     | Killed a centaur warrior
 12234 | D:12     | Noticed an ogre mage
 12252 | D:12     | Killed an ogre mage
 12307 | D:12     | Upgraded the game from 0.31-a0-875-g02e7d12df6 to
                  | 0.31-a0-879-g1609e0ac53
 12319 | D:11     | Mangled by a white ugly thing

Illustrated notes

Levels and vault maps discovered:
D:1:      spicycebolla_arrival_xxxplode, layout_loops_corners,
          chequers_ecumenical_altar_island
D:2:      layout_basic, roderic_lattice_a
D:3:      layout_loops_ring, slow_altar_2, serial_shops, shop, shop, shop, shop,
          ebering_ghost_reflecting_pool, minmay_gold_behind_fungi,
          minmay_misc_feat_enclosed
D:4:      layout_rooms, mainiacjoe_overflow_chevrons, tso_altar,
          serial_aquarium, aquarium_bridge_straight [aquarium_subvault_bridge,
          aquarium_subvault_window, aquarium_subvault_bridge,
          aquarium_subvault_wall], aquarium_window_3, aquarium_window_1,
          aquarium_view_2c, aquarium_balcony_5b, aquarium_pool_2,
          nicolae_ossuary_entry_catacombs
D:5:      layout_basic, nemelex_dance_club_becter, uniq_eustachio
D:6:      layout_basic, uniq_crazy_yiuf_cottage
D:7:      layout_basic, mainiacjoe_overflow_small_starburst, temple_pool_b,
          ebering_ghost_rock_garden
D:8:      layout_gridville, mainiacjoe_overflow_surrounded_room,
          nicolae_dithmenos_the_darkroom, minmay_shop_damaged
D:9:      layout_small_grid, old_standard_altar, elyvilon_altar_5
D:10:     layout_loops_ring
D:11:     layout_basic, lair_entry_dummy, serial_shops, nicolae_shop_mannequins,
          nrook_loot_triangle, nicolae_stop_n_shop_1
D:12:     minmay_concentric_multi, layout_small_grid, david_orc_4, serial_shops,
          bzr_entry_customers, kennysheep_mini_moat,
          nicolae_shop_window_shopping, nicolae_shop_hallway_plus, uniq_psyche
Temple:   compressed_dpeg_triangle_lava_temple

Skill      XL: |  1  2  3  4  5  6  7  8  9 10 11 12 |
---------------+-------------------------------------+-----
Armour         | 1 2 3 4 5 6 8 10 12 13 | 13.2
Maces & Flails | 4 5 6 8 10 11 12 13 | 13.4
Invocations    | 4 7 |  7.0
Fighting       | 5 6 |  6.5
Dodging        | |  2.4

Action                     |  1- 3 |  4- 6 |  7- 9 | 10-12 || total
---------------------------+-------+-------+-------+-------++-------
  Melee: Mace              |    88 |   141 |   231 |       ||   460
         Flail             |       |    22 |       |       ||    22
         Morningstar       |       |       |   152 |   427 ||   579
  Throw: Dart              |       |     4 |       |    21 ||    25
 Invoke: Heroism           |       |       |       |     3 ||     3
  Evoke: Wand              |       |       |       |     5 ||     5
    Use: Potion            |     2 |     3 |     3 |     2 ||    10
         Scroll            |       |     6 |     4 |       ||    10
 Armour: Ring mail         |    68 |    55 |       |       ||   123
         Scale mail        |       |    88 |   347 |   422 ||   857
  Dodge: Dodged            |    53 |    81 |   261 |   267 ||   662
         Repelled          |       |       |       |     3 ||     3

Table legend: (Time is in decaauts)
 A = Elapsed time spent in this place.
 B = Non-inter-level travel time spent in this place.
 C = Inter-level travel time spent in this place.
 D = Time resting spent in this place.
 E = Time spent auto-exploring this place.
 F = Levels seen in this place.
 G = Mean time per level.
                   A        B        C        D        E       F      G
               +--------+--------+--------+--------+--------+-----+--------+
         Total |  12383 |  11176 |   1207 |    604 |   8144 |  15 |  825.5 |
       Dungeon |  11880 |  10703 |   1177 |    604 |   7954 |  12 |  990.0 |
        Temple |     38 |      8 |     30 |      0 |      0 |   1 |   38.0 |
        Bazaar |     62 |     62 |      0 |      0 |     46 |   1 |   62.0 |
       Ossuary |    401 |    401 |      0 |      0 |    144 |   1 |  401.0 |
               +--------+--------+--------+--------+--------+-----+--------+

Top non-repeatable levels by time:
     D:8: 1388 daAuts
     D:3: 1268 daAuts
     D:1: 1189 daAuts
    D:10: 1125 daAuts
     D:9: 1065 daAuts
     D:5: 976 daAuts
    D:11: 945 daAuts
     D:6: 932 daAuts
     D:2: 819 daAuts
    D:12: 772 daAuts
     D:4: 715 daAuts
     D:7: 680 daAuts
 Ossuary: 401 daAuts
  Bazaar: 62 daAuts
  Temple: 38 daAuts
